[Event "*** Titled Tuesday Blitz"]
[Site "Chess.com"]
[Date "2020.02.04"]
[Round "9"]
[White "Duhless"]
[Black "joshdaruca"]
[Result "1-0"]
[WhiteElo "3052"]
[BlackElo "2735"]
[TimeControl "180+2"]
[EndTime "15:05:58 PST"]
[Termination "Duhless won by resignation"]

1. d4 Nf6 2. Nf3 e6 3. Bg5 c5 4. d5 Qa5+ 5. Bd2 Qb6 6. e4 Nxe4 7. Nc3 Nxc3 8. Bxc3 exd5 9. Ng5 d4 10. Bc4 dxc3 11.
O-O Be7 12. Re1 Rf8 13. Nxh7 d5 14. Bxd5 Be6 15. Bxe6 fxe6 16. Nxf8 Kxf8 17. bxc3 Qc6 18. Qg4 Kf7 19. Qh5+ Kf8 20. Re3 Nd7 21. Qh8+ Kf7 22. Qxa8 Bf6 23. Rd1 Ne5 24. Qh8 Qa4 25. Qh5+ Ng6 26.
Rg3 Qe4 27. Rxg6 Qxg6 28. Rd7+ 1-0

[Event "*** Titled Tuesday Blitz"]
[Site "Chess.com"]
[Date "2020.02.04"]
[Round "9"]
[White "DamianoLew95"]
[Black "TigrVShlyape"]
[Result "0-1"]
[WhiteElo "2624"]
[BlackElo "2844"]
[TimeControl "180+2"]
[EndTime "15:06:00 PST"]
[Termination "TigrVShlyape won by resignation"]

1. d4 Nf6 2. Nf3 e6 3. Bf4 d5 4.
e3 Bd6 5. Nbd2 O-O 6. c3 b6 7.
Ne5 Nfd7 8. Bd3 Bxe5 9. dxe5 Ba6 10. Bc2 Nc5 11. Nf3 Ne4 12. h4 Nd7 13. Ng5 h6 14.
Nxe4 dxe4 15. b4 f5 16. exf6 Qxf6 17. Qd4 Rad8 18. O-O-O Qxd4 19. cxd4 Nf6 20. Kb2 Nd5 21.
Be5 Rxf2 22. a3 Nxe3 0-1

[Event "*** Titled Tuesday Blitz"]
[Site "Chess.com"]
[Date "2020.02.04"]
[Round "9"]
[White "davigator"]
[Black "CM_Perligero"]
[Result "1-0"]
[WhiteElo "2246"]
[BlackElo "2084"]
[TimeControl "180+2"]
[EndTime "15:06:36 PST"]
[Termination "davigator won by resignation"]

1. e4 d5 2. exd5 Qxd5 3. Nc3 Qa5 4. Bc4 c6 5. d3 Nf6 6. Bd2 Bg4 7. f3 Bf5 8. Nge2 e5 9. h4 h5 10. Ng3 Bg6 11.
Qe2 Nbd7 12. O-O-O O-O-O 13. Kb1 Bb4 14. a3 Bxa3 15. bxa3 Qxa3 16. Na2 b5 17. Bb4 Qa6 18. Bb3 c5 19. Bc3 c4 20. dxc4 Qa3 21. Ne4 Nc5 22. Nxc5 Qxc5 23. Qxe5 Qxe5 24. Bxe5 Nd7 25. Bxg7 Rhg8 26.
Bd4 bxc4 27. Bxc4 Nb6 28. Bb3 Nd5 29. Bxa7 Nf4 30. g3 Ne2 31. g4 Kb7 32. Be3 Kc6 33. Rhe1 Ng3 34. Rxd8 Rxd8 35. Bf4 hxg4 36. Bxg3 gxf3 37.
Nc3 Rd2 38. Rf1 Rg2 39. Rxf3 1-0

[Event "*** Titled Tuesday Blitz"]
[Site "Chess.com"]
[Date "2020.02.04"]
[Round "9"]
[White "goldenspine"]
[Black "stoleriu"]
[Result "0-1"]
[WhiteElo "2343"]
[BlackElo "2514"]
[TimeControl "180+2"]
[EndTime "15:06:37 PST"]
[Termination "stoleriu won by resignation"]

1. d4 e6 2. c4 b6 3. Nc3 Bb7 4. Nf3 Bb4 5. Qc2 f5 6. e3 Nf6 7. Bd2 O-O 8. Bd3 Qe8 9. a3 Bxc3 10. Bxc3 Ne4 11. O-O d6 12. b4 Qg6 13. Bb2 Nd2 14.
Nh4 Nf3+ 15. Nxf3 Bxf3 16. g3 Qh5 17. Rfe1 Rf6 18. Bf1 g5 19. Bg2 g4 20. Qd3 Rh6 21.
Bxf3 Qxh2+ 22. Kf1 gxf3 0-1

[Event "*** Titled Tuesday Blitz"]
[Site "Chess.com"]
[Date "2020.02.04"]
[Round "9"]
[White "riconaipe"]
[Black "Anton_Demchenko"]
[Result "0-1"]
[WhiteElo "2574"]
[BlackElo "2956"]
[TimeControl "180+2"]
[EndTime "15:06:50 PST"]
[Termination "Anton_Demchenko won by resignation"]

1. d4 Nf6 2. c4 g6 3. f3 Bg7 4. e4 d6 5. Ne2 O-O 6. Nbc3 a6 7. Be3 Nbd7 8. Qd2 b5 9. cxb5 axb5 10. Nxb5 c6 11. Nbc3 e5 12. dxe5 Nxe5 13. Nd4 d5 14.
exd5 Nxd5 15. Nxd5 Qxd5 16. Be2 Rxa2 17. Rxa2 Qxa2 18.
O-O Rd8 19. Qc2 Ba6 20. Bxa6 Qxa6 21. Rc1 Re8 22. Bf2 Nd3 23. Qc4 Qxc4 24. Rxc4 c5 25. Nb3 Re2 26. Bg3 Rxb2 27. Nxc5 Rb1+ 0-1

[Event "*** Titled Tuesday Blitz"]
[Site "Chess.com"]
[Date "2020.02.04"]
[Round "9"]
[White "quesfr"]
[Black "Majkelopulos"]
[Result "1-0"]
[WhiteElo "2100"]
[BlackElo "2472"]
[TimeControl "180+2"]
[EndTime "15:06:55 PST"]
[Termination "quesfr won by checkmate"]

1. e4 e5 2. Nf3 Nc6 3. Nc3 g6 4. d4 exd4 5. Nxd4 Bg7 6. Nxc6 bxc6 7. Bc4 Ne7 8. Bg5 Rb8 9. Qd2 h6 10. Be3 d6 11. O-O-O Be6 12. Bxe6 fxe6 13. Bd4 e5 14. Be3 Qc8 15. h4 Qb7 16. b3 Qa6 17. h5 g5 18.
Na4 O-O 19. Bxg5 hxg5 20. Qxg5 Kf7 21. h6 Bf6 22. Qh5+ Kg8 23. Rd3 Kh8 24. Rg3 Qc8 25.
Rg7 Qe6 26. g4 Ng8 27. g5 Bd8 28. h7 Kxg7 29. h8=Q# 1-0

[Event "*** Titled Tuesday Blitz"]
[Site "Chess.com"]
[Date "2020.02.04"]
[Round "9"]
[White "Lovkov_Roman"]
[Black "Zq1"]
[Result "1-0"]
[WhiteElo "2712"]
[BlackElo "2538"]
[TimeControl "180+2"]
[EndTime "15:06:57 PST"]
[Termination "Lovkov_Roman won by resignation"]

1. e4 c5 2. c3 d5 3. exd5 Qxd5 4. Nf3 Nc6 5. d4 Bf5 6. Be3 cxd4 7. cxd4 Bxb1 8. Rxb1 e6 9. a3 Nf6 10. Rc1 Be7 11. Bc4 Qd6 12. O-O O-O 13. Qe2 Ng4 14.
Rfd1 Nxe3 15. fxe3 Rad8 16. Kh1 Bf6 17. Bb5 g6 18.
Bxc6 bxc6 19. Qa6 Rb8 20. Rxc6 Qd5 21. b4 Bg7 22. Rdc1 Bh6 23. Qd3 Rfd8 24. R6c5 Qd6 25.
Ne5 Rb6 26. Rf1 Rf8 27. Nc4 Qe7 28. Nxb6 axb6 29. Rc6 b5 30. Rc5 Qh4 31. Rxb5 Bg7 32.
Rc5 e5 33. dxe5 1-0

[Event "*** Titled Tuesday Blitz"]
[Site "Chess.com"]
[Date "2020.02.04"]
[Round "9"]
[White "DonBroca"]
[Black "HashtagChess"]
[Result "1-0"]
[WhiteElo "2140"]
[BlackElo "1616"]
[TimeControl "180+2"]
[EndTime "15:07:02 PST"]
[Termination "DonBroca won by resignation"]

1. e4 c5 2. Nf3 e6 3. d4 cxd4 4.
Nxd4 a6 5. g3 Nf6 6. Bg2 Qc7 7.
O-O Bc5 8. Nb3 Ba7 9. Nc3 b5 10. e5 Nd5 11. Nxd5 exd5 12. Qxd5 Nc6 13. Bf4 Qb6 14. Be3 Qb8 15. Bxa7 Qxa7 16. Qd6 Qb8 17. Bxc6 dxc6 18. Qxc6+ Bd7 19. Qc5 Qc8 20. Rfe1 Be6 21. Qxc8+ Rxc8 22. Nd4 O-O 23. Nxe6 fxe6 24. Re2 Rc5 25.
Rd1 Rfc8 26. c3 R5c6 27. Rd7 R8c7 28. Red2 Kf8 29. Rxc7 Rxc7 30. Rd6 Kf7 31. Rxa6 Rc5 32. f4 Rd5 33. Rd6 1-0

[Event "*** Titled Tuesday Blitz"]
[Site "Chess.com"]
[Date "2020.02.04"]
[Round "9"]
[White "Sjakkerntobi"]
[Black "Everyfishknows"]
[Result "1-0"]
[WhiteElo "2265"]
[BlackElo "2307"]
[TimeControl "180+2"]
[EndTime "15:07:14 PST"]
[Termination "Sjakkerntobi won by resignation"]

1. e4 e5 2. Nf3 Nc6 3. Bb5 a6 4. Ba4 Nf6 5. O-O Be7 6. Re1 b5 7. Bb3 d6 8. c3 O-O 9. d3 Bb7 10.
Nbd2 Re8 11. Nf1 Bf8 12. Ng3 h6 13. Nh4 Na5 14. Nhf5 Nxb3 15. axb3 Kh7 16. Qf3 g6 17. Ne3 Bg7 18. h4 h5 19. b4 Qd7 20. Bd2 d5 21.
Rad1 Rad8 22. Bc1 Qe6 23. Nef1 Qg4 24. Nh2 Qxf3 25. Nxf3 dxe4 26. dxe4 Rxd1 27. Rxd1 Nxe4 28. Nxe4 Bxe4 29. Ng5+ Kg8 30. Nxe4 f5 31. Nc5 Ra8 32. Bg5 a5 33. bxa5 Rxa5 34. Rd8+ Kf7 35. Rd7+ Kg8 36. Ne6 Bh8 37. Rd8+ Kf7 38. Nxc7 Ra1+ 39. Kh2 Bf6 40. Rd7+ 1-0

[Event "*** Titled Tuesday Blitz"]
[Site "Chess.com"]
[Date "2020.02.04"]
[Round "9"]
[White "Shant_Sargsyan"]
[Black "FelixJoseYnojosa"]
[Result "1-0"]
[WhiteElo "2988"]
[BlackElo "2694"]
[TimeControl "180+2"]
[EndTime "15:07:15 PST"]
[Termination "Shant_Sargsyan won by resignation"]

1. d4 Nf6 2. c4 e6 3. Nf3 d5 4. Nc3 c6 5. Bg5 dxc4 6. a4 c5 7. e4 cxd4 8. Nxd4 Bc5 9. Ndb5 Qb6 10. Qd2 a6 11. Na3 Bxa3 12. bxa3 Qc5 13. Be3 Qc7 14. f3 O-O 15. Qd4 b5 16. Qc5 Qb7 17. axb5 Nbd7 18.
Qb4 Ne5 19. Bxc4 a5 20. Qb3 Bd7 21. Be2 Rfc8 22. O-O Be8 23. a4 h5 24. Rac1 h4 25.
h3 Nh5 26. f4 Ng3 27. fxe5 Rxc3 28. Rxc3 Nxe2+ 29. Kh2 Nxc3 30. Qxc3 Qxe4 31. Qd4 Qc2 32. Qxh4 Rc8 33. Rc1 Qxc1 34. Bxc1 Rxc1 35. Qd8 Kf8 36. b6 Rb1 37. Qd6+ Kg8 38. Qb8 Kf8 39. b7 g5 40. Qd6+ Kg7 41. b8=Q 1-0

[Event "*** Titled Tuesday Blitz"]
[Site "Chess.com"]
[Date "2020.02.04"]
[Round "9"]
[White "arminmusovic"]
[Black "Leonid_Starozhilov"]
[Result "1-0"]
[WhiteElo "2548"]
[BlackElo "2658"]
[TimeControl "180+2"]
[EndTime "15:07:20 PST"]
[Termination "arminmusovic won on time"]

1. a3 d5 2. Nc3 Nf6 3. d3 Bf5 4. Bg5 Nbd7 5. f3 h6 6. Bh4 e6 7. e4 Bh7 8. exd5 exd5 9. Nxd5 g5 10. Qe2+ Be7 11. Nxe7 Qxe7 12. Bg3 Nd5 13. O-O-O O-O-O 14. Qxe7 Nxe7 15. Ne2 Nd5 16. Bf2 Rde8 17. Nc3 Nf4 18. g3 Ne6 19. d4 a6 20. Bh3 Kb8 21. Rhe1 Nb6 22. d5 Nd8 23. Bxb6 cxb6 24. Kd2 Kc7 25. Ne4 Bxe4 26. fxe4 Re5 27. Kd3 h5 28. Kd4 Ree8 29. e5 g4 30. Bg2 f6 31. e6 Kd6 32. c4 f5 33. b4 Rhf8 34. c5+ bxc5+ 35. bxc5+ Kc7 36.
d6+ Kb8 37. e7 1-0

[Event "*** Titled Tuesday Blitz"]
[Site "Chess.com"]
[Date "2020.02.04"]
[Round "9"]
[White "VladDobrov"]
[Black "DanielDardha2005"]
[Result "1-0"]
[WhiteElo "2908"]
[BlackElo "2688"]
[TimeControl "180+2"]
[EndTime "15:07:21 PST"]
[Termination "VladDobrov won by resignation"]

1. e4 c5 2. a3 g6 3. h4 h5 4. Nc3 Bg7 5. Bc4 Nc6 6. d3 e6 7. Nge2 Nge7 8. Bg5 a6 9. Ba2 b5 10. O-O O-O 11. Qd2 Bb7 12. Rae1 Qa5 13. Bb1 d5 14.
exd5 Nxd5 15. Bh6 Nxc3 16. Nxc3 Qc7 17. Ne4 Nd4 18. Ng3 Qc6 19. f3 Qd5 20. c3 Nf5 21.
Bxg7 Kxg7 22. Qf2 Nxg3 23. Qxg3 Rad8 24. Re5 Qd6 25. Kh2 Rd7 26. f4 Kh7 27. d4 cxd4 28. Rxh5+ Kg7 29. Qg5 Rh8 30. Rxh8 Kxh8 31. Rd1 Qc7 32. h5 Rd5 33. Qf6+ Kg8 34. hxg6 Rh5+ 35. Kg1 fxg6 36. Qxg6+ Qg7 37. Qe8+ Qf8 38. Qxh5 Qxf4 39.
Qg6+ Kf8 40. Rf1 1-0

[Event "*** Titled Tuesday Blitz"]
[Site "Chess.com"]
[Date "2020.02.04"]
[Round "9"]
[White "colegiodemadrid"]
[Black "korbul"]
[Result "0-1"]
[WhiteElo "2358"]
[BlackElo "2558"]
[TimeControl "180+2"]
[EndTime "15:07:26 PST"]
[Termination "korbul won by resignation"]

1. e4 c5 2. Nf3 e6 3. d4 cxd4 4. Nxd4 Nf6 5. Nc3 d6 6. g4 a6 7. g5 Nfd7 8. Be3 b5 9. h4 b4 10.
Nce2 Be7 11. Ng3 Nc5 12. Qd2 O-O 13. h5 a5 14. g6 Bb7 15. Bg2 Nbd7 16. h6 fxg6 17.
hxg7 Rf7 18. O-O-O Ne5 19. f4 Nc4 20. Qe2 Nxe3 21. Qxe3 Rxg7 22. Bh3 Qd7 23. Rhg1 a4 24. f5 b3 25. cxb3 axb3 26. a3 exf5 27. exf5 Bf6 28. Ne6 Nxe6 29. fxe6 Qc6+ 30. Kb1 Qc2+ 0-1

[Event "*** Titled Tuesday Blitz"]
[Site "Chess.com"]
[Date "2020.02.04"]
[Round "9"]
[White "kasparicy"]
[Black "HanSchut"]
[Result "1-0"]
[WhiteElo "2267"]
[BlackElo "2308"]
[TimeControl "180+2"]
[EndTime "15:07:28 PST"]
[Termination "kasparicy won by resignation"]

1. e4 c5 2. Nf3 d6 3. d4 cxd4 4. Nxd4 Nf6 5. Nc3 a6 6. Qf3 e6 7. g4 h6 8. h4 Nbd7 9. g5 Ne5 10.
Qg2 hxg5 11. hxg5 Nh5 12. f4 Ng6 13. Qf2 e5 14. fxe5 dxe5 15. Nf5 Be7 16. Rxh5 Rxh5 17. Nxg7+ Kf8 18. Nxh5 Bxg5 19. Bxg5 Qxg5 20. Bc4 Nh8 21. Nf6 Kg7 22. Ncd5 b5 23. Bb3 Be6 24. Ke2 Kf8 25.
Rg1 1-0

[Event "*** Titled Tuesday Blitz"]
[Site "Chess.com"]
[Date "2020.02.04"]
[Round "9"]
[White "Terao90"]
[Black "kingofthenil"]
[Result "0-1"]
[WhiteElo "2428"]
[BlackElo "2499"]
[TimeControl "180+2"]
[EndTime "15:07:30 PST"]
[Termination "kingofthenil won by resignation"]

1. e4 e6 2. Qe2 d5 3. exd5 Qxd5 4. Nc3 Qd8 5. Nf3 Nc6 6. d4 Nf6 7. Bg5 Nxd4 8. Nxd4 Qxd4 9. Rd1 Qb4 10. Qb5+ c6 11.
Qe5 Be7 12. Bd3 h6 13. Bd2 Qc5 14. Qe2 O-O 15. O-O e5 16. Be3 Qa5 17. a3 Bg4 18. f3 Be6 19. Kh1 Rfe8 20. Qe1 Rad8 21.
Qf2 b6 22. Ra1 c5 23. b4 cxb4 24. axb4 Qxb4 25. Nb5 e4 26. fxe4 Ng4 27. Qf3 Ne5 28.
Qg3 Nxd3 29. Rfb1 Qxe4 30. Bd4 Rxd4 31. Nxd4 Qxd4 32. cxd3 a5 33. Re1 Bf6 34. Rac1 Rd8 35. Rc6 a4 0-1

[Event "*** Titled Tuesday Blitz"]
[Site "Chess.com"]
[Date "2020.02.04"]
[Round "9"]
[White "MatthewG-p4p"]
[Black "jguerramzllo"]
[Result "1/2-1/2"]
[WhiteElo "2830"]
[BlackElo "2617"]
[TimeControl "180+2"]
[EndTime "15:07:36 PST"]
[Termination "Game drawn by repetition"]

1. f4 Nf6 2. Nf3 g6 3. g3 Bg7 4. Bg2 O-O 5. O-O d5 6. d3 b6 7. Nc3 Bb7 8. e4 c5 9. Qe1 e6 10. h3 Nc6 11. g4 Nd4 12. Rf2 dxe4 13. dxe4 Qe7 14. e5 Nxf3+ 15. Bxf3 Nd5 16. Ne4 Rad8 17.
g5 Nb4 18. Kg2 Bxe4 19. Bxe4 Rd7 20. Bd2 Rfd8 21. a3 Na6 22. Be3 Bf8 23. c4 Nb8 24.
h4 Rc8 25. h5 Nc6 26. hxg6 fxg6 27. Bxc6 Rxc6 28. Rd2 Rcc7 29. Rad1 Rxd2+ 30. Qxd2 Qe8 31. Kg3 b5 32. Qd3 a6 33. cxb5 Qxb5 34. Qxb5 axb5 35. Rd8 Kf7 36. Rb8 b4 37. axb4 cxb4 38. Kf3 Be7 39.
Ke4 Rc2 40. Rb7 Ke8 41. Bd4 Rh2 42. Rb8+ Kd7 43. Rb7+ Ke8 44. Rb6 Kd7 45. Rb7+ Ke8 1/2-1/2

[Event "*** Titled Tuesday Blitz"]
[Site "Chess.com"]
[Date "2020.02.04"]
[Round "9"]
[White "SoltaniciR"]
[Black "DiamondCrusher22"]
[Result "0-1"]
[WhiteElo "2464"]
[BlackElo "2061"]
[TimeControl "180+2"]
[EndTime "15:07:36 PST"]
[Termination "DiamondCrusher22 won on time"]

1. e4 e5 2. Nf3 Nc6 3. Bb5 Nf6 4. d3 d6 5. c3 Bd7 6. O-O g6 7.
Re1 Bg7 8. Nbd2 O-O 9. Ba4 Ne8 10.
Nf1 h6 11. d4 f5 12. exf5 Bxf5 13. dxe5 dxe5 14. Qb3+ Kh7 15. Qxb7 Na5 16. Qa6 c5 17. Rd1 Qb6 18. Qxb6 axb6 19. Ne3 Be6 20. Bd2 Nd6 21. b4 Nac4 22. Bb3 Nxe3 23. Bxe3 Bxb3 24. axb3 Rxa1 25. Rxa1 cxb4 26. cxb4 e4 27. Nd4 Nf5 0-1

[Event "*** Titled Tuesday Blitz"]
[Site "Chess.com"]
[Date "2020.02.04"]
[Round "9"]
[White "AlexandraBotez"]
[Black "zurzan"]
[Result "1-0"]
[WhiteElo "2170"]
[BlackElo "1949"]
[TimeControl "180+2"]
[EndTime "15:07:36 PST"]
[Termination "AlexandraBotez won by resignation"]

1. d4 d6 2. c4 f5 3. g3 Nf6 4.
Bg2 g6 5. Nc3 Bg7 6. Nf3 O-O 7.
O-O c6 8. d5 e5 9. dxe6 Bxe6 10. Nd2 d5 11. cxd5 Nxd5 12. Nxd5 Bxd5 13. Nf3 Nd7 14.
Qc2 Ne5 15. Rd1 Qe7 16. Nxe5 Qxe5 17. Bxd5+ cxd5 18. Qb3 Rf7 19. Rxd5 Qxe2 20. Bd2 Qe8 21. Re1 Qc8 22. Rc1 Qe8 23. Rdc5 Rd8 24. Bg5 Rc8 25.
Rxc8 Qxc8 26. Rxc8+ 1-0

[Event "*** Titled Tuesday Blitz"]
[Site "Chess.com"]
[Date "2020.02.04"]
[Round "9"]
[White "2nd_life"]
[Black "killer311"]
[Result "1-0"]
[WhiteElo "2495"]
[BlackElo "2293"]
[TimeControl "180+2"]
[EndTime "15:07:38 PST"]
[Termination "2nd_life won by resignation"]

1. e4 c5 2. Nf3 Nc6 3. Bb5 g6 4. Bxc6 bxc6 5. O-O Bg7 6. Re1 d6 7. c3 e5 8. d4 cxd4 9. cxd4 exd4 10. Nxd4 Ne7 11. Nc3 O-O 12. Bg5 Bd7 13. Qd2 Re8 14.
Nb3 Qc7 15. Rad1 Bg4 16. f3 Be6 17. Qxd6 Qxd6 18. Rxd6 Rab8 19. Red1 Be5 20. Bxe7 Rxe7 21. Rd8+ Rxd8 22. Rxd8+ Kg7 23. Nc5 Bc4 24. g3 Bxc3 25. bxc3 Bxa2 26. Kf2 Bc4 27. Ke3 f5 28. Kd4 fxe4 29.
fxe4 Bb5 30. c4 a6 31. cxb5 axb5 32. e5 Kf7 33. e6+ Kf6 34. Rf8+ Kg5 35. Rf7 Re8 36. h3 h5 37. e7 b4 38. Kc4 b3 39. Kxb3 h4 40. g4 Kh6 41. Ne4 g5 42. Nd6 Rb8+ 43.
Kc3 Kg6 44. Rf8 1-0

[Event "*** Titled Tuesday Blitz"]
[Site "Chess.com"]
[Date "2020.02.04"]
[Round "9"]
[White "TheBigBoss04"]
[Black "dmosesov"]
[Result "1-0"]
[WhiteElo "2662"]
[BlackElo "2577"]
[TimeControl "180+2"]
[EndTime "15:07:42 PST"]
[Termination "TheBigBoss04 won by checkmate"]

1. b3 g6 2. Bb2 Nf6 3. Nf3 Bg7 4. e3 O-O 5. d4 b6 6. Be2 Bb7 7. O-O d6 8. c4 Nbd7 9. Nc3 e5 10. Qc2 Re8 11. h3 Qe7 12. Rad1 exd4 13. Nxd4 a6 14.
Bf3 Bxf3 15. Nxf3 Ne4 16. Nd5 Qd8 17. Nd4 Ndf6 18. Rfe1 Rc8 19. f3 Nxd5 20. cxd5 Ng3 21. Qf2 Nh5 22. g4 Nf6 23. Nc6 Qd7 24. e4 h6 25. Bd4 h5 26. Qb2 hxg4 27. hxg4 Nxg4 28. Bxg7 Ne5 29. Nxe5 dxe5 30. Bxe5 Qh3 31. Qh2 Qxf3 32.
Qh8# 1-0

[Event "*** Titled Tuesday Blitz"]
[Site "Chess.com"]
[Date "2020.02.04"]
[Round "9"]
[White "heyiampotato"]
[Black "Snegokhod"]
[Result "0-1"]
[WhiteElo "2465"]
[BlackElo "2634"]
[TimeControl "180+2"]
[EndTime "15:07:48 PST"]
[Termination "Snegokhod won by resignation"]

1. d4 Nf6 2. c4 g6 3. Nc3 d5 4.
cxd5 Nxd5 5. Bd2 Bg7 6. e4 Nb6 7. Be3 O-O 8. Nf3 Bg4 9. Bb5 c6 10. Be2 N8d7 11. a4 a5 12. e5 Nb8 13. h3 Be6 14. h4 h5 15. Ng5 Bc4 16. Bxh5 Na6 17.
Be2 Nb4 18. h5 Bxe2 19. Qxe2 N6d5 20. e6 f5 21. hxg6 Rf6 22. Nf7 Qc8 23. Rh7 Rxg6 24.
Qh5 Qxe6 25. Ne5 Nxe3 26. Nxg6 Nec2+ 27. Kf1 Nxa1 28. Nf4 Qf7 29. Qg5 Kxh7 0-1

[Event "*** Titled Tuesday Blitz"]
[Site "Chess.com"]
[Date "2020.02.04"]
[Round "9"]
[White "WelshTiger"]
[Black "HouseOfDurin"]
[Result "1-0"]
[WhiteElo "2304"]
[BlackElo "2096"]
[TimeControl "180+2"]
[EndTime "15:07:53 PST"]
[Termination "WelshTiger won on time"]

1. e4 c5 2. Nf3 Nc6 3. Bb5 g6 4. Bxc6 bxc6 5. O-O Bg7 6. Re1 e5 7. c3 Ne7 8. d4 cxd4 9. cxd4 exd4 10. Nxd4 O-O 11.
Nc3 Rb8 12. b3 d5 13. Ba3 Be6 14. Rc1 Rb7 15. exd5 Bxd5 16. Nxd5 cxd5 17. Nc6 Nxc6 18. Bxf8 Qxf8 19. Rxc6 d4 20. Qd3 Rd7 21. Rec1 h5 22. Rc8 Rd8 23. Rxd8 Qxd8 24. g3 Qd5 25. h4 Kh7 26.
Rc4 Qa5 27. Ra4 Qe1+ 28. Kg2 Qe7 29. Rc4 Qd7 30. b4 Qd5+ 31. Kg1 Be5 32. a4 f6 33. Rc5 1-0

[Event "*** Titled Tuesday Blitz"]
[Site "Chess.com"]
[Date "2020.02.04"]
[Round "9"]
[White "maciek_92"]
[Black "guillembaches"]
[Result "0-1"]
[WhiteElo "2777"]
[BlackElo "2400"]
[TimeControl "180+2"]
[EndTime "15:07:58 PST"]
[Termination "guillembaches won by checkmate"]

1. e4 c5 2. Nf3 d6 3. d4 cxd4 4. Nxd4 Nf6 5. Nc3 a6 6. Be2 e5 7. Nf3 Be7 8. Bg5 Be6 9. Bxf6 Bxf6 10. Nd5 Nd7 11. O-O Rc8 12. a4 O-O 13. a5 Nc5 14. Nb6 Rc6 15. Nd2 Bg5 16. f3 Be3+ 17. Kh1 Nd7 18. Nbc4 Ba7 19. c3 d5 20. exd5 Bxd5 21.
Ra4 Rh6 22. g3 Bc6 23. Ra1 Qg5 24. Kg2 Nf6 25. Nb6 Ng4 26. h4 Rxh4 27. gxh4 Qxh4 28. Rh1 Ne3+ 29. Kg1 Qg3# 0-1

[Event "*** Titled Tuesday Blitz"]
[Site "Chess.com"]
[Date "2020.02.04"]
[Round "9"]
[White "ChessPlayer202202"]
[Black "Al_Shima"]
[Result "0-1"]
[WhiteElo "2238"]
[BlackElo "2431"]
[TimeControl "180+2"]
[EndTime "15:07:58 PST"]
[Termination "Al_Shima won by resignation"]

1. e4 Nc6 2. Nf3 d5 3. exd5 Qxd5 4. Nc3 Qa5 5. Bc4 Bg4 6. d3 Ne5 7. Qe2 Nxf3+ 8. gxf3 Bh5 9. Bb5+ c6 10. Qe5 cxb5 11.
Qxh5 a6 12. Bd2 Nf6 13. Qe5 Qb6 14. a4 bxa4 15. Nxa4 Qc6 16. Qe3 Qxc2 17. O-O Rd8 18. Ra3 Qc6 19. Rc1 Qd6 20. Ba5 e6 21. Bxd8 Qxd8 22.
Rac3 Nd5 23. Qe4 Nxc3 24. Rxc3 Bd6 25. Nc5 Qg5+ 26. Kf1 Bxc5 27. Qxb7 O-O 0-1

[Event "*** Titled Tuesday Blitz"]
[Site "Chess.com"]
[Date "2020.02.04"]
[Round "9"]
[White "kacprekt"]
[Black "kosya4ok"]
[Result "1-0"]
[WhiteElo "2424"]
[BlackElo "2599"]
[TimeControl "180+2"]
[EndTime "15:08:14 PST"]
[Termination "kacprekt won by resignation"]

1. d4 Nf6 2. c4 e6 3. Nc3 Bb4 4. Bf4 d5 5. Qa4+ Nc6 6. a3 Bxc3+ 7. bxc3 O-O 8. e3 Ne4 9. Qc2 e5 10. dxe5 Bf5 11. Bd3 Qh4 12. cxd5 Nxf2 13. Bxf5 Nxh1+ 14. g3 Qh5 15. dxc6 Rad8 16. Be4 g5 17. Bf3 Qh6 18.
Bxh1 gxf4 19. gxf4 bxc6 20. Nf3 Kh8 21. Ng5 f6 22. Ne6 Rg8 23. Nxd8 Rg1+ 24. Kd2 Qxh2+ 25.
Kd3 Qxh1 26. Rxg1 Qxg1 27. Nf7+ Kg7 28. e6 Qh1 29. c4 f5 30. Qc3+ Kg6 31. Ne5+ Kh5 32.
e7 Qd1+ 33. Qd2 Qf1+ 34. Qe2+ 1-0

[Event "*** Titled Tuesday Blitz"]
[Site "Chess.com"]
[Date "2020.02.04"]
[Round "9"]
[White "SuperCheese"]
[Black "ChainsOfFantasia"]
[Result "0-1"]
[WhiteElo "2666"]
[BlackElo "2516"]
[TimeControl "180+2"]
[EndTime "15:08:16 PST"]
[Termination "ChainsOfFantasia won by resignation"]

1. d4 Nf6 2. c4 e6 3. Nc3 d5 4.
Nf3 dxc4 5. e4 Bb4 6. Bg5 b5 7. Qc2 h6 8. Bh4 Bb7 9. O-O-O g5 10. d5 gxh4 11. dxe6 Qe7 12. exf7+ Kxf7 13. Nxb5 Bxe4 14. Bxc4+ Kg7 15. Qb3 Qc5 16. Nfd4 Qg5+ 17. Qe3 Qxe3+ 18. fxe3 Nc6 19. Nxc7 Rac8 20. Nde6+ Kh7 21. Rhf1 Be7 22. Rf4 Ne5 23. Ba6 Rb8 24. Rd4 Bg6 25. Rxh4 Rb6 26. Be2 Rc8 27. Kd1 Rxb2 28. Ba6 Rcb8 29. Ke1 Rxg2 30. Nf4 Rxa2 31. Nxg6 Nxg6 32. Bd3 Rbb2 33. Rh3 Ra1+ 0-1

[Event "*** Titled Tuesday Blitz"]
[Site "Chess.com"]
[Date "2020.02.04"]
[Round "9"]
[White "Poghosyan_Suren"]
[Black "Sanyura"]
[Result "0-1"]
[WhiteElo "2644"]
[BlackElo "2508"]
[TimeControl "180+2"]
[EndTime "15:08:16 PST"]
[Termination "Sanyura won by resignation"]

1. Nf3 Nf6 2. b3 g6 3. Bb2 Bg7 4. c4 d6 5. g3 O-O 6. Bg2 Nbd7 7. O-O e5 8. d4 exd4 9. Nxd4 Nc5 10. Nc3 a5 11. a3 c6 12. b4 Ne6 13. b5 Nxd4 14.
Qxd4 Ng4 15. Qd1 Ne5 16. bxc6 bxc6 17. Qa4 Rb8 18. Rab1 Bf5 19. Ne4 d5 20. cxd5 cxd5 21.
Bxe5 Rxb1 22. Bxg7 Rxf1+ 23. Bxf1 Kxg7 24. Qd4+ f6 25. Nc5 Qd6 26. f4 Rc8 27. Nb7 Qc7 28. Qxd5 Qb6+ 29. Kg2 Be6 30. Qe4 Rc4 31. Qf3 Bc8 32. Qd3 Bxb7+ 33. Kh3 Qe6+ 34. g4 Rxf4 35. Qg3 Rxf1 0-1

[Event "*** Titled Tuesday Blitz"]
[Site "Chess.com"]
[Date "2020.02.04"]
[Round "9"]
[White "bsnsun"]
[Black "Gentlejimmy7"]
[Result "0-1"]
[WhiteElo "2435"]
[BlackElo "2634"]
[TimeControl "180+2"]
[EndTime "15:08:17 PST"]
[Termination "Gentlejimmy7 won by resignation"]

1. d4 Nf6 2. c4 g6 3. g3 d5 4.
cxd5 Nxd5 5. Nf3 Bg7 6. Bg2 O-O 7. O-O Nc6 8. e3 Nb6 9. Nc3 e5 10. d5 e4 11. dxc6 Qxd1 12. Rxd1 exf3 13. Bxf3 bxc6 14.
Bxc6 Rb8 15. Nb5 Nc4 16. Rb1 Bf5 17. e4 Bg4 18. Re1 a6 19. Nxc7 Na3 20. Ra1 Nc2 21. Bf4 Nxa1 22. Rxa1 Rxb2 23. Rc1 Bd4 24. Be3 Bxe3 25.
fxe3 Rxa2 26. Nd5 Be6 27. Nb4 Rb2 28. Nd3 Re2 29. Nf4 Rxe3 30. Ra1 Bc4 31. Bd5 Bxd5 32.
exd5 Ra8 33. d6 Rd8 34. Rxa6 Re1+ 35. Kf2 Rd1 36. d7 R1xd7 37. Rb6 Rd2+ 38. Kf3 R8d6 39. Rb8+ Kg7 40. h4 h6 41. Kg4 Ra2 42. Rb7 Ra4 43. Rc7 Rb6 44. Kh3 Rd6 45. Rb7 g5 46.
hxg5 hxg5 47. Ne2 Rh6+ 48. Kg2 Ra2 49. Kf3 Rf6+ 50. Kg4 Rxe2 51. Kxg5 0-1

[Event "*** Titled Tuesday Blitz"]
[Site "Chess.com"]
[Date "2020.02.04"]
[Round "9"]
[White "Teidi96"]
[Black "ShahMatKanal"]
[Result "1-0"]
[WhiteElo "2341"]
[BlackElo "2489"]
[TimeControl "180+2"]
[EndTime "15:08:18 PST"]
[Termination "Teidi96 won by checkmate"]

1. e4 d5 2. exd5 Qxd5 3. Nc3 Qd6 4. g3 Nf6 5. Bg2 c6 6. Nge2 Bg4 7. O-O e6 8. a3 Be7 9. b4 O-O 10. b5 Nd5 11. bxc6 Nxc6 12. Nxd5 exd5 13. h3 Qe5 14. d4 Qxe2 15. hxg4 Qc4 16. Rb1 b6 17. Re1 Bf6 18. Be3 Rfd8 19. Bf1 Qc3 20. Rb3 Qa5 21. Bd2 Qa4 22. Bb5 Qxd4 23. Bxc6 Rac8 24. Bb5 Qc5 25. g5 Bd4 26. Qf3 Qxc2 27. Rd3 Bc5 28. Ba6 Rb8 29. Bb5 Rbc8 30. Kg2 a5 31. Rh1 g6 32. Rxh7 Kxh7 33. Qxf7+ Kh8 34. Qf6+ Kh7 35. g4 Qxd3 36. Bxd3 Rd6 37.
Bxg6+ Kg8 38. Qf7+ Kh8 39. Qh7# 1-0